 Dungeon Crawl Stone Soup version 0.21.1-1-g345015fe64 (webtiles) character file.

75 PikkenKukken the Skirmisher (level 4, 0/28 HPs)
             Began as a Tengu Fighter on June 25, 2018.
             Splashed by Ijyb's acid (13 damage)
             ... on level 3 of the Dungeon.
             The game lasted 00:04:44 (1796 turns).

PikkenKukken the Skirmisher (Tengu Fighter)         Turns: 1796, Time: 00:04:45

Health: 0/28       AC:  1    Str: 13 (16) XL:     4   Next: 31%
Magic:  14/14      EV:  8    Int:  8 (9)  God:
Gold:   74         SH:  9    Dex: 14      Spells: 3/3 levels left

rFire    + . .     SeeInvis .   a - +0 trident
rCold    . . .     Gourm    .   c - +0 shield
rNeg     . . .     Faith    .   h - +0 ring mail {rF+}
rPois    .         Spirit   .   (helmet restricted)
rElec    .         Reflect  .   (no cloak)
rCorr    .         Harm     .   (no gloves)
MR       .....                  (boots unavailable)
Stlth    +.........             (no amulet)
HPRegen  0.09/turn              e - ring of magical power
MPRegen  0.14/turn              (no ring)

@: corroded
A: beak, talons 3
a: no special abilities


You were on level 3 of the Dungeon.
You were not hungry.

You visited 1 branch of the dungeon, and saw 3 of its levels.

You collected 74 gold pieces.

Inventory:

Hand Weapons
 a - a +0 trident (weapon)
 b - a +0 hunting sling of freezing
Missiles
 g - 75 stones (quivered)
 p - 15 bolts
Armour
 c - a +0 shield (worn)
 h - a +0 ring mail of fire resistance (worn)
 k - a +0 buckler
Jewellery
 e - a ring of magical power (left hand)
Wands
 m - a wand of disintegration (9)
 o - a wand of polymorph (13)
Scrolls
 i - 2 scrolls of remove curse
 l - 2 scrolls of identify
Potions
 d - 3 potions of might
 j - a potion of curing
Comestibles
 f - 3 rations
 n - 2 chunks of flesh


   Skills:
 + Level 3.5 Fighting
 + Level 3.0 Polearms
 + Level 1.0 Slings
 - Level 3.2 Armour
 + Level 1.6 Dodging
 + Level 3.4 Shields


You had 3 spell levels left.
You didn't know any spells.

Dungeon Overview and Level Annotations

Branches:
Dungeon (3/15)

Altars:
Cheibriados
Dithmenos
Kikubaaqudgha

Annotations:
D:3 Ijyb


Innate Abilities, Weirdness & Mutations

You have a beak for a mouth.
You have claws for feet.


Message History

Your +0 hunting sling of freezing stops glowing.
a - a +0 trident (weapon)
Attack whom?
Press: ? - help, Dir - move target cursor, f/p - Ijyb
Aim: Ijyb, wearing a leather armour and carrying a wand of acid (6) (lightly wounded)
You reach to attack!
You hit Ijyb.
Ijyb is lightly wounded.
You hit Ijyb.
Ijyb is moderately wounded.
Ijyb barely misses you.
You hit Ijyb but do no damage. Your kick misses Ijyb.
Ijyb is moderately wounded.
Ijyb hits you but does no damage.
Ijyb grins evilly.
Ijyb hits you.
You hit Ijyb.
Ijyb is heavily wounded.
Ijyb zaps a wand.
The bolt of acid hits you! The acid corrodes you!
You are splashed with acid!
The acid burns!
You die...

#.....#
#.....##
########
#.......
#......#
#####...
#......# #...
#......# #...
#......# ##..
#.###.##
#######. #@#
#.# ##.......
#..(.g.# #.#
#....#...
....##### #.#
#....#... ##
#.####....#...
#.........#...
###########...
+... ....


You could see Ijyb.

Vanquished Creatures
  2 adders (D:2)
  An ooze (D:1)
  2 worms (D:2)
  2 dart slugs
  A leopard gecko (D:3)
  An orc (D:3)
  6 bats
  3 giant cockroaches (D:2)
  7 hobgoblins
  2 kobolds (D:2)
  A frilled lizard (D:1)
  6 goblins
  6 rats
40 creatures vanquished.

Notes
Turn   | Place    | Note
-------+----------+-------------------------------------------
     0 | D:1      | PikkenKukken the Tengu Fighter began the quest for the Orb.
     0 | D:1      | Reached XP level 1. HP: 14/14 MP: 2/2
   188 | D:1      | Reached XP level 2. HP: 19/19 MP: 3/3
   438 | D:1      | Reached skill level 1 in Dodging
   720 | D:2      | Reached XP level 3. HP: 17/23 MP: 4/4
   868 | D:2      | Found a snail-covered altar of Cheibriados.
  1173 | D:2      | Found an ancient bone altar of Kikubaaqudgha.
  1268 | D:2      | Reached XP level 4. HP: 28/28 MP: 5/5
  1373 | D:2      | Found a shadowy altar of Dithmenos.
  1541 | D:3      | Reached skill level 1 in Slings
  1790 | D:3      | Noticed Ijyb
  1796 | D:3      | Splashed by Ijyb's acid

Skill      XL: |  1  2  3  4 |
---------------+-------------+-----
Dodging        | 1 |  1.6
Polearms       | 3 |  3.0
Slings         | 1 |  1.0
Fighting       | |  3.5
Armour         | |  3.2
Shields        | |  3.4

Action                   |  1- 3 |  4- 6 || total
-------------------------+-------+-------++-------
Melee: Trident           |    66 |    31 ||    97
       Kick              |    15 |     4 ||    19
       Peck              |     3 |     3 ||     6
 Fire: Hunting sling     |     2 |     7 ||     9
  Use: Scroll            |     5 |       ||     5
       Potion            |     3 |     1 ||     4
  Eat: Chunk             |     1 |     2 ||     3
Armor: Ring mail         |    11 |     8 ||    19
Dodge: Dodged            |    14 |     8 ||    22
Block: Shield            |    12 |     6 ||    18
